[Event "SVK-ch Open 2018"]
[Site "Banska Stiavnica"]
[Date "2018.07.09"]
[Round "3"]
[White "Pacher, Milan"]
[Black "Sikora, Jan"]
[Result "1-0"]
[ECO "D11"]
[WhiteElo "2467"]
[BlackElo "2209"]
[Annotator "ChessBase"]
[PlyCount "65"]
[EventDate "2018.07.07"]
[EventType "swiss"]
[EventCountry "SVK"]
[SourceTitle "playchess.com"]
[Source "ChessBase"]
[SourceQuality "1"]
[TimeControl "40/5400+30:1800+30"]

1. d4 d5 2. c4 c6 3. Nf3 Nf6 4. e3 a6 5. b3 Bg4 6. Nbd2 Nbd7 7. h3 Bh5 8. g4 Bg6 9. Nh4 e6 10. Nxg6 hxg6 11. Bg2 Bb4 12. O-O Bxd2 13. Bxd2 Ne4 14. Be1 Ng5 15. Kh2 Qc7+ 16. f4 Nf6 17. Rc1 Nge4 18. Kg1 g5 19. fxg5 Nxg5 20. h4 O-O-O 21. Rxf6 gxf6 22. hxg5 fxg5 23. cxd5 f5 24. dxc6 b5 25. Qf3 Qh2+ 26. Kf1 Rdf8 27. Ke2 Qc7 28. gxf5 exf5 29. Qd5 Rh7 30. Qe6+ Kb8 31. Ba5 Qxa5 32. Qd6+ Ka7 33. Qc5+ 1-0

[Event "SVK-ch Open 2018"]
[Site "Banska Stiavnica"]
[Date "2018.07.09"]
[Round "3"]
[White "Druska, Juraj"]
[Black "Mrvova, Alena"]
[Result "1-0"]
[ECO "B56"]
[WhiteElo "2439"]
[BlackElo "2202"]
[Annotator "NA"]
[PlyCount "83"]
[EventDate "2018.07.07"]
[EventType "swiss"]
[EventCountry "SVK"]
[SourceTitle "playchess.com"]
[Source "ChessBase"]
[SourceQuality "1"]
[TimeControl "40/5400+30:1800+30"]

1. e4 c5 2. Nf3 Nc6 3. d4 cxd4 4. Nxd4 Nf6 5. Nc3 d6 6. f3 e6 7. Be3 Be7 8. Qd2 a6 9. O-O-O O-O 10. g4 Nd7 11. h4 {[%emt 0:09:44] LiveBook: 204 Games} Nxd4 12. Bxd4 b5 13. g5 Nb6 $16 (13... Qa5 $14) 14. f4 b4 15. Ne2 d5 16. e5 Nc4 17. Qd3 Qa5 18. Kb1 Bd7 19. Nc1 Bb5 20. Qh3 Qc7 21. h5 Rfc8 22. Rh2 Bf8 23. g6 h6 24. Bd3 Na5 25. gxf7+ Qxf7 26. Bg6 Qe7 27. f5 exf5 28. Bxf5 Re8 29. b3 Nc6 30. Bb2 Nxe5 31. Rxd5 Nf7 32. Rhd2 Rad8 33. Rxd8 Rxd8 34. Rxd8 Nxd8 35. Nd3 Be8 36. Ne5 Qd6 37. Ng6 Bxg6 38. Bxg6 Ne6 39. Bd3 Nf4 40. Bc4+ Kh8 41. Qf5 Nxh5 42. Qxh5 1-0

[Event "SVK-ch Open 2018"]
[Site "Banska Stiavnica"]
[Date "2018.07.09"]
[Round "3"]
[White "Szeberenyi, Adam"]
[Black "Sikorova, Olga"]
[Result "1-0"]
[ECO "E61"]
[WhiteElo "2372"]
[BlackElo "2193"]
[Annotator "NA"]
[PlyCount "89"]
[EventDate "2018.07.07"]
[EventType "swiss"]
[EventCountry "SVK"]
[SourceTitle "playchess.com"]
[Source "ChessBase"]
[SourceQuality "1"]
[TimeControl "40/5400+30:1800+30"]

1. d4 Nf6 2. c4 g6 3. Nc3 Bg7 4. Nf3 O-O 5. Bg5 h6 6. Bh4 c5 7. e3 cxd4 8. Nxd4 Nc6 9. Qd2 b6 10. Be2 Bb7 11. Bf3 g5 12. Bg3 g4 13. Bxc6 dxc6 $11 14. O-O-O c5 15. Nf5 Bxg2 16. Qe1 Qe8 17. Rg1 Bf3 18. Be5 h5 19. e4 Bxd1 20. Qe3 Nh7 21. Bxg7 e6 22. Nd6 Qc6 23. Bxf8 Ba4 24. Bh6 Qxd6 25. Nxa4 Qxh2 26. Rd1 Qh4 27. e5 Rd8 28. Rxd8+ Qxd8 29. Nc3 f5 30. exf6 Qxf6 31. Ne4 Qg6 32. Bf4 h4 33. Be5 Qf5 34. Bc3 h3 35. Ng3 Qg6 36. Qe5 Ng5 37. Qb8+ Kf7 38. Qxa7+ Kg8 39. Nh5 Ne4 40. Qa8+ Kf7 41. Qb7+ Ke8 42. Qxe4 Qxh5 43. Qxe6+ Kf8 44. Qf6+ Ke8 45. Qe5+ 1-0

[Event "SVK-ch Open 2018"]
[Site "Banska Stiavnica"]
[Date "2018.07.09"]
[Round "3"]
[White "Gelle, Istvan"]
[Black "Jencopala, Alexander"]
[Result "1-0"]
[ECO "A80"]
[WhiteElo "2344"]
[BlackElo "1943"]
[Annotator "NA"]
[PlyCount "45"]
[EventDate "2018.07.07"]
[EventType "swiss"]
[EventCountry "SVK"]
[SourceTitle "playchess.com"]
[Source "ChessBase"]
[SourceQuality "1"]
[TimeControl "40/5400+30:1800+30"]

1. d4 f5 2. Bf4 Nf6 3. e3 g6 4. h4 h5 5. Nf3 d6 6. Bc4 e6 7. c3 Nc6 8. a4 d5 9. Bb5 Bd6 10. a5 a6 11. Bxc6+ $16 bxc6 12. b4 Qe7 13. Nbd2 Bd7 14. Rc1 Kf7 15. Ne5+ Kg7 16. f3 Rab8 17. Qe2 Rb5 18. Qf2 Be8 19. Qg3 Bf7 20. Rh3 Bxe5 21. Bxe5 Rb7 22. Qg5 Rh7 23. Rg3 1-0

[Event "SVK-ch Open 2018"]
[Site "Banska Stiavnica"]
[Date "2018.07.09"]
[Round "3"]
[White "Polyik, Peter"]
[Black "Tepper, Frantisek"]
[Result "1-0"]
[ECO "A56"]
[WhiteElo "2311"]
[BlackElo "2050"]
[Annotator "NA"]
[PlyCount "59"]
[EventDate "2018.07.07"]
[EventType "swiss"]
[EventCountry "SVK"]
[SourceTitle "playchess.com"]
[Source "ChessBase"]
[SourceQuality "1"]
[TimeControl "40/5400+30:1800+30"]

1. d4 Nf6 2. c4 c5 3. d5 e5 4. Nc3 d6 5. e4 Be7 6. Bd3 Nbd7 7. Nge2 Nf8 8. Ng3 Ng6 9. Nf5 O-O 10. g3 Re8 11. O-O h6 12. a3 a6 13. b4 b6 14. Rb1 Qc7 15. Bd2 Nf8 $16 16. Kg2 N6h7 17. h4 Bf6 18. Kh2 Kh8 19. Rg1 Qd8 20. Bc2 Qc7 21. Ba4 Bd7 22. Bxd7 Qxd7 23. Qa4 Qc7 24. Qc6 Qxc6 25. dxc6 Rec8 26. b5 Ne6 27. Nd5 axb5 28. Nxb6 bxc4 29. Nxa8 Rxa8 30. Nxd6 1-0

[Event "SVK-ch Open 2018"]
[Site "Banska Stiavnica"]
[Date "2018.07.09"]
[Round "3"]
[White "Petran, Peter"]
[Black "Lintner, Igor"]
[Result "1/2-1/2"]
[ECO "A00"]
[WhiteElo "2302"]
[BlackElo "2173"]
[Annotator "NA"]
[PlyCount "46"]
[EventDate "2018.07.07"]
[EventType "swiss"]
[EventCountry "SVK"]
[SourceTitle "playchess.com"]
[Source "ChessBase"]
[SourceQuality "1"]
[TimeControl "40/5400+30:1800+30"]

1. g3 e5 2. c4 Nf6 3. Bg2 d5 4. cxd5 Nxd5 5. Nc3 Nb6 6. Nf3 Nc6 7. O-O Be7 8. a3 a5 9. d3 Be6 10. Be3 O-O 11. Rc1 Nd5 {[%emt 0:07:59] LiveBook: 23 Games} 12. Nxd5 Bxd5 13. Bc5 Re8 14. Bxe7 Rxe7 $11 15. Nd2 Bxg2 16. Kxg2 Qd5+ 17. Kg1 Nd4 18. Ne4 Qb5 19. e3 Ne6 20. Qc2 Rd8 21. Qc4 Qxc4 22. dxc4 f5 23. Nc3 c6 1/2-1/2

[Event "SVK-ch Open 2018"]
[Site "Banska Stiavnica"]
[Date "2018.07.09"]
[Round "3"]
[White "Stockova, Zuzana"]
[Black "Sosovicka, Jakub"]
[Result "1/2-1/2"]
[ECO "A06"]
[WhiteElo "2301"]
[BlackElo "2078"]
[Annotator "NA"]
[PlyCount "68"]
[EventDate "2018.07.07"]
[EventType "swiss"]
[EventCountry "SVK"]
[SourceTitle "playchess.com"]
[Source "ChessBase"]
[SourceQuality "1"]
[TimeControl "40/5400+30:1800+30"]

1. Nf3 d5 2. g3 Nf6 3. Bg2 Bf5 4. d3 c6 5. O-O Nbd7 6. Nh4 Bg4 7. h3 Bh5 8. Qe1 e6 {[%emt 0:06:43] LiveBook: 3 Games} 9. e4 Bc5 10. Kh2 dxe4 $11 11. dxe4 O-O 12. f4 Qc7 13. Nd2 Rad8 14. a3 a5 15. e5 Nd5 16. Ne4 Be7 17. g4 Bg6 18. Nxg6 hxg6 19. c4 N5b6 20. Qxa5 Ra8 21. Qc3 Nc5 22. Be3 Nba4 23. Qc2 Rfd8 24. Rfd1 Nxe4 25. Bxe4 Bc5 26. Rxd8+ Rxd8 27. Re1 Qd7 28. Bc1 Qd4 29. Bg2 Qf2 30. Qxf2 Bxf2 31. Rf1 Ba7 32. b3 Nc3 33. Bf3 Rd3 34. a4 Bc5 1/2-1/2

[Event "SVK-ch Open 2018"]
[Site "Banska Stiavnica"]
[Date "2018.07.09"]
[Round "3"]
[White "Chmiel, Marcin"]
[Black "Panko, Radoslav"]
[Result "1/2-1/2"]
[ECO "C18"]
[WhiteElo "2249"]
[BlackElo "2049"]
[Annotator "NA"]
[PlyCount "108"]
[EventDate "2018.07.07"]
[EventType "swiss"]
[EventCountry "SVK"]
[SourceTitle "playchess.com"]
[Source "ChessBase"]
[SourceQuality "1"]
[TimeControl "40/5400+30:1800+30"]

1. e4 e6 2. d4 d5 3. Nc3 Bb4 4. e5 Ne7 5. a3 Bxc3+ 6. bxc3 c5 7. Qg4 Qc7 8. Qxg7 Rg8 9. Qxh7 cxd4 10. Ne2 dxc3 11. f4 Nbc6 12. h4 b6 13. Qd3 d4 14. Nxd4 Nxd4 15. Qxd4 Bb7 16. Qd6 Qxd6 $11 17. exd6 Nf5 18. h5 O-O-O 19. Rh2 Nd4 20. Kf2 Nxc2 21. Ra2 Nd4 22. Rh3 Nb5 23. d7+ Kb8 24. f5 Nd6 25. Bf4 Rxd7 26. h6 Ka8 27. Rd3 Ne4+ 28. Ke3 Bd5 29. Be5 Rc8 30. Rc2 f6 31. fxe6 Bxe6 32. Kxe4 fxe5 33. Rcxc3 Rxc3 34. Rxc3 Rh7 35. Kxe5 Rxh6 36. Rc6 Rh1 37. Kxe6 Rxf1 38. g4 Kb7 39. Rc3 Rg1 40. Kf5 b5 41. g5 a5 42. g6 Kb6 43. Re3 b4 44. a4 Kc5 45. Re5+ Kc4 46. Rxa5 b3 47. Rb5 Rf1+ 48. Ke6 Rg1 49. Kf7 Rf1+ 50. Ke7 Rg1 51. Rb6 b2 52. a5 Rxg6 53. Rxb2 Ra6 54. Kd7 Rxa5 1/2-1/2

[Event "SVK-ch Open 2018"]
[Site "Banska Stiavnica"]
[Date "2018.07.09"]
[Round "3"]
[White "Ruckschloss, Karol"]
[Black "Bango, Lukas"]
[Result "1-0"]
[ECO "A25"]
[WhiteElo "2245"]
[BlackElo "2148"]
[Annotator "NA"]
[PlyCount "61"]
[EventDate "2018.07.07"]
[EventType "swiss"]
[EventCountry "SVK"]
[SourceTitle "playchess.com"]
[Source "ChessBase"]
[SourceQuality "1"]
[TimeControl "40/5400+30:1800+30"]

1. c4 e5 2. Nc3 Nc6 3. g3 f5 4. Bg2 Nf6 5. d3 g6 6. Nf3 Bg7 7. O-O O-O 8. Rb1 a5 9. a3 d6 10. b4 axb4 11. axb4 h6 12. Ne1 {[%emt 0:08:54] LiveBook: 7 Games} g5 13. e3 $11 Qe8 14. c5 Kh8 15. b5 Ne7 16. b6 dxc5 17. bxc7 f4 18. Bxb7 Bxb7 19. Rxb7 Qc8 20. Qb3 c4 21. dxc4 Qh3 22. Rb8 e4 23. Nxe4 Nxe4 24. Rxa8 Rxa8 25. Qb7 Rf8 26. Qxe4 fxg3 27. hxg3 Nf5 28. Qe6 g4 29. c8=Q Nxg3 30. Qxf8+ Bxf8 31. Bb2+ 1-0

[Event "SVK-ch Open 2018"]
[Site "Banska Stiavnica"]
[Date "2018.07.09"]
[Round "3"]
[White "Seres, Bela"]
[Black "Ferkova, Dominika"]
[Result "0-1"]
[ECO "B10"]
[WhiteElo "2212"]
[BlackElo "2053"]
[Annotator "NA"]
[PlyCount "116"]
[EventDate "2018.07.07"]
[EventType "swiss"]
[EventCountry "SVK"]
[SourceTitle "playchess.com"]
[Source "ChessBase"]
[SourceQuality "1"]
[TimeControl "40/5400+30:1800+30"]

1. e4 c6 2. d3 d5 3. Nd2 e5 4. Ngf3 Bd6 5. Be2 Nf6 6. O-O O-O 7. Re1 Re8 8. c3 Bg4 9. h3 Bh5 10. Nh2 Bg6 11. Bf3 Nbd7 12. Nhf1 Nc5 13. Qe2 dxe4 14. dxe4 Bc7 15. Ng3 $11 Nd3 16. Rd1 Nf4 17. Qe1 Qe7 18. Nc4 Rad8 19. Ne3 Rxd1 20. Qxd1 Rd8 21. Qf1 Nd3 22. Nef5 Qe6 23. Qe2 Nxc1 24. Rxc1 Qxa2 25. h4 Bxf5 26. Nxf5 g6 27. Qe3 Qxb2 28. Qg5 Qd2 29. Rb1 Qxg5 30. hxg5 gxf5 31. Rxb7 Ne8 32. exf5 Bb6 33. Bxc6 Nc7 34. c4 Na6 35. Bd5 Rf8 36. g6 hxg6 37. fxg6 Kg7 38. gxf7 Nc5 39. Re7 Nd3 40. Kf1 Bd4 41. c5 Bxc5 42. Re8 Bd4 43. f3 a5 44. Bc4 Nb2 45. Bd5 Na4 46. f4 Nc3 47. Bc4 e4 48. g4 a4 49. g5 Be3 50. g6 Bxf4 51. Re6 Bc1 52. Rc6 a3 53. Ra6 e3 54. Ke1 Rc8 55. Re6 Bd2+ 56. Kf1 Rxc4 57. Re8 Rf4+ 58. Kg2 Kxg6 0-1

[Event "SVK-ch Open 2018"]
[Site "Banska Stiavnica"]
[Date "2018.07.09"]
[Round "3"]
[White "Kanakova, Natalie"]
[Black "Ihnat, Marek"]
[Result "1-0"]
[ECO "A34"]
[WhiteElo "2206"]
[BlackElo "1432"]
[Annotator "NA"]
[PlyCount "47"]
[EventDate "2018.07.07"]
[EventType "swiss"]
[EventCountry "SVK"]
[SourceTitle "playchess.com"]
[Source "ChessBase"]
[SourceQuality "1"]
[TimeControl "40/5400+30:1800+30"]

1. Nf3 Nf6 2. c4 c5 3. Nc3 d5 4. cxd5 Nxd5 5. g3 g6 6. Qb3 Nc7 7. Ng5 e6 8. d3 Bg7 9. Bg2 Nc6 {[%emt 0:02:44] [#]} 10. Nge4 (10. Bxc6+ $1 $16 bxc6 11. Nge4) 10... Nd4 11. Qd1 Na6 12. O-O Qc7 13. e3 Nf5 14. g4 Nd6 $11 (14... Nh4 $15) 15. Qf3 Nxe4 16. Nxe4 Nb4 17. d4 cxd4 18. exd4 Nc2 19. Bf4 Qb6 20. Nd6+ Ke7 21. Rac1 Qxb2 22. Qd3 Qxd4 23. Qxc2 Qxf4 24. Qc7+ 1-0

[Event "SVK-ch Open 2018"]
[Site "Banska Stiavnica"]
[Date "2018.07.09"]
[Round "3"]
[White "Kostolansky, Sebastian Lukas"]
[Black "Bokros, Albert"]
[Result "0-1"]
[ECO "B43"]
[WhiteElo "2197"]
[BlackElo "2483"]
[Annotator "ChessBase"]
[PlyCount "78"]
[EventDate "2018.07.07"]
[EventType "swiss"]
[EventCountry "SVK"]
[SourceTitle "playchess.com"]
[Source "ChessBase"]
[SourceQuality "1"]
[TimeControl "40/5400+30:1800+30"]

1. e4 c5 2. Nf3 e6 3. d4 cxd4 4. Nxd4 a6 5. Nc3 Qc7 6. Be3 Nf6 7. f3 Bb4 8. Bd3 d5 9. Bd2 O-O 10. Qe2 Nc6 11. Nxc6 bxc6 12. O-O Bd6 13. f4 e5 14. f5 Re8 15. Kh1 Bb7 16. Rae1 a5 17. Qf3 Bb4 18. a3 Bxc3 19. Bxc3 d4 20. Bd2 c5 21. b3 a4 22. Ra1 Qc6 23. Rfe1 Ba6 24. Bg5 Nd7 25. h4 Reb8 26. Reb1 h6 27. Bd2 Nf6 28. Bxa6 Rxa6 29. bxa4 Rxb1+ 30. Rxb1 Qxa4 31. Rb8+ Kh7 32. Qb3 Qxb3 33. Rxb3 Nxe4 34. Bc1 c4 35. Rb7 f6 36. Rb4 Ng3+ 37. Kh2 Ne2 38. Bd2 c3 39. Be1 Rxa3 0-1

[Event "SVK-ch Open 2018"]
[Site "Banska Stiavnica"]
[Date "2018.07.09"]
[Round "3"]
[White "Jozefek, Michal"]
[Black "Bakalar, Jan"]
[Result "1-0"]
[ECO "E32"]
[WhiteElo "2182"]
[BlackElo "1998"]
[Annotator "NA"]
[PlyCount "79"]
[EventDate "2018.07.07"]
[EventType "swiss"]
[EventCountry "SVK"]
[SourceTitle "playchess.com"]
[Source "ChessBase"]
[SourceQuality "1"]
[TimeControl "40/5400+30:1800+30"]

1. d4 Nf6 2. c4 e6 3. Nc3 Bb4 4. Qc2 b6 5. Bg5 Bb7 6. f3 c5 7. a3 Bxc3+ 8. bxc3 d6 9. e4 Nbd7 10. Nh3 Qc7 11. Nf2 h6 12. Be3 e5 13. d5 $14 O-O-O 14. a4 a5 15. g3 Ba6 16. h4 Kb7 17. Bd3 Rdg8 18. Kd2 g6 19. Rag1 Ne8 20. Kc1 f6 21. Kb2 Ka7 22. f4 Ng7 23. Rg2 Nf8 24. fxe5 dxe5 25. Ng4 Ne8 26. Nxh6 Rg7 27. g4 Nd6 28. Kb3 f5 29. gxf5 gxf5 30. Nxf5 Nxf5 31. exf5 Rf7 32. Bg5 Nh7 33. Rhg1 Bc8 34. Rf1 Nf6 35. Bxf6 Rxf6 36. Rg6 Rf7 37. Qh2 Qe7 38. f6 Qe8 39. Rg7 Rhf8 40. Bg6 1-0

[Event "SVK-ch Open 2018"]
[Site "Banska Stiavnica"]
[Date "2018.07.09"]
[Round "3"]
[White "Macko, Michal"]
[Black "Chrenko, Kristian"]
[Result "1-0"]
[ECO "B90"]
[WhiteElo "2158"]
[BlackElo "1992"]
[Annotator "NA"]
[PlyCount "81"]
[EventDate "2018.07.07"]
[EventType "swiss"]
[EventCountry "SVK"]
[SourceTitle "playchess.com"]
[Source "ChessBase"]
[SourceQuality "1"]
[TimeControl "40/5400+30:1800+30"]

1. e4 c5 2. Nf3 d6 3. d4 cxd4 4. Nxd4 Nf6 5. Nc3 a6 6. h3 e6 7. g4 b5 8. Bg2 Bb7 9. a3 Nfd7 10. O-O Be7 11. Qe2 O-O 12. f4 Nc6 13. Nf3 Nb6 14. Nd1 d5 15. e5 Re8 16. Nf2 Qd7 17. Nd3 b4 18. axb4 Nxb4 19. Nxb4 Bxb4 20. Be3 Nc4 21. Bd4 Qb5 22. Qf2 Rac8 23. f5 Bc5 24. b3 Nb6 25. f6 g6 26. Qe3 Bxd4 27. Nxd4 Qc5 28. Rf3 Nd7 29. h4 Kh8 30. c3 Rc7 31. h5 Rg8 32. hxg6 Rxg6 33. g5 Qf8 34. Rh3 Qg8 35. Rh5 h6 36. Kf2 Qh7 37. Rah1 Kg8 38. Rxh6 Rxh6 39. Rxh6 Qb1 40. Qh3 Qb2+ 41. Ne2 1-0

[Event "SVK-ch Open 2018"]
[Site "Banska Stiavnica"]
[Date "2018.07.09"]
[Round "3"]
[White "Cech, Dominik"]
[Black "Jablonicky, Martin"]
[Result "1/2-1/2"]
[ECO "B38"]
[WhiteElo "2151"]
[BlackElo "2356"]
[Annotator "NA"]
[PlyCount "68"]
[EventDate "2018.07.07"]
[EventType "swiss"]
[EventCountry "SVK"]
[SourceTitle "playchess.com"]
[Source "ChessBase"]
[SourceQuality "1"]
[TimeControl "40/5400+30:1800+30"]

1. e4 c5 2. Nf3 Nc6 3. d4 cxd4 4. Nxd4 g6 5. c4 Bg7 6. Be3 Nf6 7. Nc3 d6 8. Be2 O-O 9. O-O Nxd4 10. Bxd4 a5 11. Qd2 Bd7 12. f3 Bc6 13. Rac1 Nd7 14. Be3 Nc5 15. b3 e6 16. Rfd1 Be5 17. Bf1 {[%emt 0:06:34] LiveBook: 4 Games} Qh4 18. g3 Qe7 19. Qc2 f5 20. Bg2 $11 fxe4 21. Nxe4 Nxe4 22. fxe4 Rfc8 23. Qe2 Be8 24. Rf1 Qg7 25. Qd2 Bc6 26. Bh6 Qe7 27. a4 Bg7 28. Bg5 Qc7 29. Qd3 Rf8 30. Bh3 Rxf1+ 31. Rxf1 Re8 32. Bf4 Qb6+ 33. Be3 Qc7 34. Bf4 Qb6+ 1/2-1/2

[Event "SVK-ch Open 2018"]
[Site "Banska Stiavnica"]
[Date "2018.07.09"]
[Round "3"]
[White "Demeter, Peter"]
[Black "Vojtek, Vladimir"]
[Result "1/2-1/2"]
[ECO "A10"]
[WhiteElo "2146"]
[BlackElo "2310"]
[Annotator "NA"]
[PlyCount "84"]
[EventDate "2018.07.07"]
[EventType "swiss"]
[EventCountry "SVK"]
[SourceTitle "playchess.com"]
[Source "ChessBase"]
[SourceQuality "1"]
[TimeControl "40/5400+30:1800+30"]

1. c4 b6 2. Nc3 Bb7 3. e4 e6 4. Nf3 Bb4 5. Bd3 {[%emt 0:02:03] LiveBook: 178 Games} Ne7 6. a3 Bxc3 $1 7. dxc3 d6 8. O-O Nd7 9. Re1 O-O 10. Bc2 Ng6 11. Bg5 $11 f6 12. Bc1 Qe7 13. Nd4 Qf7 14. Qh5 Rae8 15. Be3 a6 16. Rad1 e5 17. Nf5 Ne7 18. Qxf7+ Rxf7 19. Ng3 g6 20. c5 Nxc5 21. Bxc5 bxc5 22. Bb3 Kg7 23. Bxf7 Kxf7 24. b4 cxb4 25. axb4 f5 26. f3 Ke6 27. exf5+ gxf5 28. Rb1 Rg8 29. b5 axb5 30. Rxb5 Bc6 31. Rb4 Nd5 32. Rh4 f4 33. Ne4 Ne3 34. Rh6+ Rg6 35. Rxg6+ hxg6 36. Nd2 g5 37. h3 d5 38. Kf2 Kd6 39. Rh1 Bb5 40. Rb1 c6 41. Ra1 Ke6 42. g4 Bd3 1/2-1/2

[Event "SVK-ch Open 2018"]
[Site "Banska Stiavnica"]
[Date "2018.07.09"]
[Round "3"]
[White "Hrbek, Stepan"]
[Black "Brnusak, Tomas"]
[Result "1-0"]
[ECO "E61"]
[WhiteElo "2129"]
[BlackElo "1910"]
[Annotator "NA"]
[PlyCount "107"]
[EventDate "2018.07.07"]
[EventType "swiss"]
[EventCountry "SVK"]
[SourceTitle "playchess.com"]
[Source "ChessBase"]
[SourceQuality "1"]
[TimeControl "40/5400+30:1800+30"]

1. d4 Nf6 2. c4 g6 3. Nc3 Bg7 4. Nf3 O-O 5. Bg5 d6 6. e3 Nbd7 7. Qc2 c6 8. Be2 e5 9. dxe5 dxe5 10. O-O Qe7 11. Rfd1 h6 12. Bh4 $11 g5 13. Bg3 Nh5 14. Nd2 Nxg3 15. hxg3 f5 16. a3 g4 17. e4 Nc5 18. b4 Nxe4 19. Ndxe4 fxe4 20. Nxe4 Bf5 21. c5 Kh8 22. Bd3 Bxe4 23. Bxe4 Rad8 24. Qe2 h5 25. Bc2 Qg5 26. Qe4 Kg8 27. Rd6 Rxd6 28. cxd6 Rd8 29. Rd1 Kf8 30. Bb3 Ke8 31. Qc4 Qf6 32. b5 Rxd6 33. Rxd6 Qxd6 34. Qf7+ Kd8 35. Qxg7 Qxa3 36. Qf6+ Kc7 37. Qxe5+ Kb6 38. Bc4 Qc1+ 39. Bf1 Qc5 40. Qxc5+ Kxc5 41. bxc6 Kxc6 42. f4 gxf3 43. gxf3 a5 44. Kf2 a4 45. Bc4 b5 46. Bg8 b4 47. Ke3 Kc5 48. f4 b3 49. f5 b2 50. Ba2 Kb4 51. f6 Kc3 52. f7 Kc2 53. f8=Q b1=Q 54. Bxb1+ 1-0

[Event "SVK-ch Open 2018"]
[Site "Banska Stiavnica"]
[Date "2018.07.09"]
[Round "3"]
[White "Bronis, Marian"]
[Black "Liska, Jaroslav"]
[Result "1-0"]
[ECO "D78"]
[WhiteElo "2101"]
[BlackElo "1914"]
[Annotator "NA"]
[PlyCount "145"]
[EventDate "2018.07.07"]
[EventType "swiss"]
[EventCountry "SVK"]
[SourceTitle "playchess.com"]
[Source "ChessBase"]
[SourceQuality "1"]
[TimeControl "40/5400+30:1800+30"]

1. d4 d5 2. Nf3 Nf6 3. g3 g6 4. Bg2 Bg7 5. c4 c6 6. O-O O-O 7. Nc3 Bf5 8. Ne5 Ne4 9. cxd5 Nxc3 10. bxc3 cxd5 11. Qb3 Nc6 $11 12. Bxd5 Nxe5 13. dxe5 Bxe5 14. Bh6 Bg7 15. Bxg7 Kxg7 16. Rfd1 Qc7 17. Qxb7 Qxc3 18. Rac1 Qe5 19. Qc7 Qxc7 20. Rxc7 Rad8 21. Rxa7 Be4 22. Bb3 Rxd1+ 23. Bxd1 Rd8 24. Bb3 e6 25. f3 Bd5 26. Bxd5 Rxd5 27. Kf2 g5 28. a4 h5 29. a5 Rd2 30. a6 Ra2 31. Ra8 Ra1 32. Ke3 Ra3+ 33. Kd4 Ra2 34. a7 Kf6 35. Kc5 h4 36. gxh4 gxh4 37. Kd4 Kf5 38. Ke3 Ra3+ 39. Kf2 Ra2 40. Rh8 Rxa7 41. Rxh4 Ra8 42. Rg4 Rh8 43. Kg3 Ke5 44. Rg5+ f5 45. e3 Kf6 46. h4 e5 47. e4 fxe4 48. fxe4 Re8 49. Kg4 Ra8 50. h5 Ra1 51. Rg6+ Kf7 52. Kf5 Ra8 53. Rb6 Ra7 54. h6 Kg8 55. Kxe5 Kh7 56. Kf5 Ra1 57. Rf6 Rf1+ 58. Ke6 Re1 59. e5 Re2 60. Kd6 Rd2+ 61. Ke7 Kg8 62. e6 Rd3 63. Rg6+ Kh7 64. Kf7 Re3 65. Rf6 Ra3 66. e7 Ra7 67. Kf8 Kh8 68. e8=Q Rb7 69. Rb6 Ra7 70. Qe5+ Kh7 71. Qf5+ Kh8 72. Qf6+ Kh7 73. Qg6+ 1-0

[Event "SVK-ch Open 2018"]
[Site "Banska Stiavnica"]
[Date "2018.07.09"]
[Round "3"]
[White "Balogh, Peter"]
[Black "Mandak, Miroslav"]
[Result "0-1"]
[ECO "C17"]
[WhiteElo "2097"]
[BlackElo "1989"]
[Annotator "NA"]
[PlyCount "72"]
[EventDate "2018.07.07"]
[EventType "swiss"]
[EventCountry "SVK"]
[SourceTitle "playchess.com"]
[Source "ChessBase"]
[SourceQuality "1"]
[TimeControl "40/5400+30:1800+30"]

1. e4 e6 2. d4 d5 3. Nc3 Bb4 4. e5 c5 5. Qg4 Kf8 6. dxc5 Nc6 7. Bd2 Bxc5 8. Nf3 a6 9. Bd3 Nge7 10. a3 Qc7 $11 11. Qh5 Kg8 12. O-O Ng6 13. Rae1 b5 14. h4 Be7 15. Bg5 b4 16. Bxe7 Qxe7 17. Ne2 a5 18. Ng3 Ba6 19. Bxa6 Rxa6 20. Qg4 h6 21. Re3 Kh7 22. h5 Nf8 23. Nd4 Nd7 24. Nxc6 Rxc6 25. Qd4 Rhc8 26. f4 Kg8 27. f5 Rc4 28. Qd3 Qg5 29. fxe6 fxe6 30. Nf5 exf5 31. Rxf5 Qe7 32. Qxd5+ Kh8 33. Rf7 Qg5 34. Ref3 Rxc2 35. R3f5 Rc1+ 36. Rf1 Nxe5 0-1

[Event "SVK-ch Open 2018"]
[Site "Banska Stiavnica"]
[Date "2018.07.09"]
[Round "3"]
[White "Lukac, Roman"]
[Black "Sandor, Martin"]
[Result "1/2-1/2"]
[ECO "B90"]
[WhiteElo "2089"]
[BlackElo "1968"]
[Annotator "NA"]
[PlyCount "65"]
[EventDate "2018.07.07"]
[EventType "swiss"]
[EventCountry "SVK"]
[SourceTitle "playchess.com"]
[Source "ChessBase"]
[SourceQuality "1"]
[TimeControl "40/5400+30:1800+30"]

1. e4 c5 2. Nf3 d6 3. Nc3 a6 4. d4 cxd4 5. Nxd4 Nf6 6. Bc4 e6 7. Qe2 Be7 8. Bb3 b5 9. a3 Bd7 10. g4 $15 Nc6 11. Nxc6 Bxc6 12. g5 Nd7 13. Rg1 Nc5 14. Ba2 Qc7 15. f3 Qb6 16. Rg4 a5 17. b4 axb4 18. axb4 Na4 19. Be3 Qb7 20. Nd1 Nb6 21. Qf2 Nc4 22. Bd4 e5 23. Bc3 Bd7 24. Rg2 Be6 25. Bb3 Rxa1 26. Bxa1 Qa6 27. Bc3 Bd8 28. f4 Qc6 29. Qf3 Bf5 30. Re2 h5 31. h3 Be6 32. f5 Bc8 33. h4 1/2-1/2

[Event "SVK-ch Open 2018"]
[Site "Banska Stiavnica"]
[Date "2018.07.09"]
[Round "3"]
[White "Treybal, Dusan"]
[Black "Ucekajova, Veronika"]
[Result "0-1"]
[ECO "B01"]
[WhiteElo "2081"]
[BlackElo "1757"]
[Annotator "NA"]
[PlyCount "48"]
[EventDate "2018.07.07"]
[EventType "swiss"]
[EventCountry "SVK"]
[SourceTitle "playchess.com"]
[Source "ChessBase"]
[SourceQuality "1"]
[TimeControl "40/5400+30:1800+30"]

1. e4 d5 2. exd5 Qxd5 3. Nc3 Qd6 4. Nf3 Nf6 5. d4 a6 6. g3 Bg4 7. Bg2 Nc6 8. Bf4 Qb4 9. O-O O-O-O 10. h3 Bh5 11. g4 Bg6 12. Qe1 Bxc2 13. Rc1 Bd3 14. Ne5 Qxd4 15. Nxc6 bxc6 16. Be5 Qa7 17. Bxc6 e6 18. Na4 Bd6 19. Qa5 Bxf1 20. Kxf1 Bxe5 21. Qxe5 Rd2 22. Qf4 Rhd8 23. Rc4 R8d4 24. Qe3 R2d3 0-1

[Event "SVK-ch Open 2018"]
[Site "Banska Stiavnica"]
[Date "2018.07.09"]
[Round "3"]
[White "Brhel, Jan"]
[Black "Popovic, Martin"]
[Result "1-0"]
[ECO "D10"]
[WhiteElo "2070"]
[BlackElo "1846"]
[Annotator "NA"]
[PlyCount "51"]
[EventDate "2018.07.07"]
[EventType "swiss"]
[EventCountry "SVK"]
[SourceTitle "playchess.com"]
[Source "ChessBase"]
[SourceQuality "1"]
[TimeControl "40/5400+30:1800+30"]

1. d4 d5 2. c4 c6 3. cxd5 cxd5 4. Nc3 Nf6 5. Bf4 a6 6. e3 Nc6 7. Bd3 e6 8. Nge2 Bd6 9. Bg5 O-O 10. h3 b5 11. O-O Be7 12. Rc1 Bb7 13. Bb1 Ne8 $11 14. Bxe7 Qxe7 15. e4 dxe4 16. Nxe4 Nd6 17. Qd3 Nxe4 18. Qxe4 f5 19. Qe3 e5 20. Rfd1 exd4 21. Qxe7 Nxe7 22. Rc7 Bxg2 23. Kxg2 Nd5 24. Rd7 Rae8 25. Nxd4 Nf4+ 26. Kf3 1-0